AoeStats
← old f1sh

Arena

509600684Analyzed
1v1 RM · 4d ago on Sep 27, 2026· 68m 51s· 2 players
Game mode
Random Map
Map size
Tiny (2 player)
Population
200
Speed
Normal
Resources
Standard
Victory
Conquest
Starting age
Dark Age
Ending age
Imperial Age
RankedLock teamsTeams togetherTeam positionsShared explorationLock speedFull tech treeHidden civsTurbo modeCheats
Victory
Defeat
🇨🇳 Saxons · China
1599
+18
🇨🇳 Jurchens · China
1641
-18
doggybrother
2:45 Loom
10:28 Feudal Age
12:14 Double-Bit Axe
14:38 Castle Age
12:50 Horse Collar
16:46 Bow Saw
24:53 Loom
29:25 Imperial Age
27:48 Wheelbarrow
27:56 Squires
28:07 Gold Mining
28:10 Arson
28:54 Scale Mail Armor
29:04 Forging
29:18 Gambesons
29:49 Forging
29:45 Heavy Plow
31:06 Chain Mail Armor
30:18 Elite Varangian Guard
32:18 Plate Mail Armor
32:38 Heavy Plow
32:52 Capped Ram
34:18 Fletching
34:29 Padded Archer Armor
36:27 Two-Man Saw
35:22 Stone Mining
34:59 Elite Hearth Troop
36:18 Iron Casting
36:00 Siege Ram
37:04 Hand Cart
36:35 Town Watch
37:08 Bodkin Arrow
37:28 Leather Archer Armor
38:19 Chemistry
37:51 Bloodlines
37:41 Husbandry
37:01 Light Cavalry
37:38 Cavalier
38:27 Scale Barding Armor
39:18 Conscription
40:12 Gold Shaft Mining
40:02 Conscription
40:15 Chain Barding Armor
40:11 Leather Archer Armor
39:58 Bracer
39:22 Elite Skirmisher
42:00 Ballistics
41:51 Masonry
44:05 Man-at-Arms
44:20 Light Cavalry
47:01 Shield Wall
48:05 Siege Engineers
47:28 Hussar
50:32 Architecture
50:25 Leather Archer Armor
51:10 Thumb Ring
50:27 Pikeman
53:10 Hoardings
51:57 Shield Wall
53:59 Hoardings
58:24 Ring Archer Armor
58:41 Crop Rotation
64:57 Guilds
64:58 Town Patrol
old f1sh
10:54 Feudal Age
11:50 Double-Bit Axe
14:37 Castle Age
13:49 Horse Collar
23:55 Gold Mining
24:45 Bow Saw
24:38 Heavy Plow
25:15 Wheelbarrow
24:29 Town Watch
24:31 Loom
26:48 Hand Cart
29:48 Imperial Age
29:23 Padded Archer Armor
29:36 Siege Engineers
31:46 Chemistry
31:19 Leather Archer Armor
31:05 Guard Tower
31:59 Fletching
33:58 Gold Shaft Mining
33:51 Conscription
34:00 Fortified Bastions
36:01 Bodkin Arrow
36:44 Keep
37:02 Arrowslits
37:55 Bracer
38:25 Ballistics
39:23 Light Cavalry
39:33 Pikeman
41:15 Ring Archer Armor
40:49 Squires
41:32 Masonry
41:18 Murder Holes
40:56 Halberdier
41:49 Scale Mail Armor
42:44 Architecture
43:02 Elite Fire Lancer
44:16 Chain Mail Armor
44:11 Forging
46:28 Iron Casting
47:03 Bloodlines
46:53 Husbandry
47:00 Scale Barding Armor
47:11 Hussar
49:38 Chain Barding Armor
51:36 Plate Barding Armor
52:24 Blast Furnace
53:16 Heavy Scorpion
55:09 Guilds
57:43 Hoardings
59:31 Capped Ram
67:46 Fortified Wall
Connection lost

Rejoining the realm…

Still unreachable

The connection could not be restored.

Session expired

The server has moved on; the page needs a fresh start.